 Dungeon Crawl Stone Soup version 0.31.0-10-gcf4a605ca0 (webtiles) character file.

Game seed: 14811441235602873216

1484 monsoonserge the Scholar of Death (level 8, 0/59 (66) HPs)
             Began as a Hill Orc Necromancer on Jan 25, 2024.
             Was a Follower of Kikubaaqudgha.
             Slain by a wight
             ... wielding a +4 long sword
              (11 damage)
             ... on level 6 of the Dungeon.
             The game lasted 00:23:21 (6475 turns).

monsoonserge the Scholar of Death (HONe)            Turns: 6475, Time: 00:23:22

HP:   0/59 (66)     AC:  5    Str: 11    XL:     8   Next: 79%
MP:   21/21         EV: 12    Int: 17    God:    Kikubaaqudgha [*.....]
Gold: 190           SH:  0    Dex: 11    Spells: 4/12 levels left

rFire   . . .        H - +0 war axe
rCold   . . .        (no shield)
rNeg    . . .        y - +0 leather armour
rPois   .            d - +0 helmet
rElec   .            B - +0 cloak
rCorr   .            (no gloves)
SInv    +            (no boots)
Will    .....        (no amulet)
Stlth   ++           E - ring of see invisible
HPRegen 0.29/turn    x - ring of magical power
MPRegen 0.17/turn

%: no passive effects
@: heavily drained
A: no striking features
a: Renounce Religion, Unearth Wretches


You were on level 6 of the Dungeon.
You worshipped Kikubaaqudgha.
Kikubaaqudgha was aware of your devotion.
You visited 2 branches of the dungeon, and saw 8 of its levels.

You collected 320 gold pieces.
You spent 130 gold pieces at shops.

Inventory:

Hand Weapons
 f - a +0 hand axe
 n - a +1 whip of venom
 u - a +2 spectral club
 H - a +0 war axe (weapon)
Missiles
 e - 3 curare-tipped darts
 h - 15 poisoned darts
 w - 2 boomerangs (quivered)
Armour
 a - a +0 robe
 d - a +0 helmet (worn)
 i - a +0 ring mail
 y - a +0 leather armour (worn)
 B - a +0 cloak (worn)
Jewellery
 k - a +6 ring of dexterity
 x - a ring of magical power (right hand)
 E - a ring of see invisible (left hand)
Wands
 s - a wand of iceblast (15)
 A - a wand of mindburst (14)
 D - a wand of flame (21)
Scrolls
 j - 2 scrolls of blinking {unknown}
 l - a scroll of teleportation
 o - a scroll of enchant weapon
 q - a scroll of fog
 t - 2 scrolls of vulnerability
 F - a scroll of immolation {unknown}
Potions
 b - a potion of magic
 c - 2 potions of mutation
 g - 2 potions of lignification
 m - 4 potions of curing
 p - a potion of ambrosia
 r - 3 potions of brilliance
 v - a potion of resistance
 z - a potion of berserk rage
 C - a potion of cancellation {unknown}
 G - a potion of might
 I - a potion of attraction {unknown}
 J - a potion of invisibility {unknown}


   Skills:
 + Level 4.0 Fighting
 * Level 1.8(3.6) Axes
 - Level 4.0(4.2) Maces & Flails
 + Level 1.3 Throwing
 + Level 3.6 Armour
 + Level 3.1 Dodging
 + Level 2.7 Stealth
 + Level 2.9 Spellcasting
 * Level 7.2 Necromancy
 + Level 0.1 Evocations


You had 4 spell levels left.
You knew the following spells:

 Your Spells              Type           Power      Damage    Failure   Level
a - Necrotise             Necr           100%       1d9       1%          1
b - Vampiric Draining     Necr           27%        2d7       3%          3
c - Animate Dead          Necr           27%        N/A       12%         4

Your spell library contained the following spells:

 Spells                   Type           Power      Damage    Failure   Level
 Sublimation of Blood     Necr           27%        N/A       1%          2
 Kiss of Death            Conj/Necr      56%        2d9       4%          1
 Dispel Undead            Necr           27%        3d13      12%         4
 Cigotuvi's Dreadful Rot  Necr/Alch/Air  20%        N/A       13%         2
 Blink                    Tloc           4%         N/A       34%         2
 Lesser Beckoning         Tloc           4%         N/A       34%         2
 Momentum Strike          Conj/Tloc      4%         3d8       34%         2
 Call Canine Familiar     Summ           2%         N/A       56%         3
 Confusing Touch          Hex            2%         N/A       56%         3
 Sigil of Binding         Hex            2%         N/A       56%         3
 Dimensional Bullseye     Hex/Tloc       1%         N/A       92%         4
 Curse of Agony           Necr           27%        N/A       32%         5


Dungeon Overview and Level Annotations

Branches:
Dungeon (7/15)             Temple (1/1) D:4

Altars:
Ashenzari
Cheibriados
Fedhas
Hepliaklqana
Kikubaaqudgha
Makhleb
Nemelex Xobeh
Okawaru
Qazlal
Ru
Sif Muna
Trog
Uskayaw
Yredelemnul

Shops:
D:1 !   D:6 [

Annotations:
D:6 Menkaure


Message History

You climb upwards.
Level annotation: Menkaure
There is a stone staircase leading down, spattered with blood here.
The wight attacks as it pursues you! The wight barely misses you.
You slash the wight!
The wight is severely damaged.
The wight closely misses you.
You closely miss the wight.
The wight is severely damaged.
The wight hits you with a +0 great sword!
You feel drained. The wight completely misses you.
You hit the wight.
The wight is severely damaged.
The wight hits you with a +0 great sword.
Casting: Vampiric Draining (dangerous; 3% risk of failure)
Confirm with . or Enter, or press ? or * to list all spells.
Okay, then.
You hit the wight.
You destroy the wight!
Kikubaaqudgha accepts your kill.
You hit the wight but do no damage.
The wight hits you with a +4 long sword!
You feel drained.
The wight hits you with a +4 long sword!
You barely miss the wight. The wight completely misses you.
Okay, then.
You closely miss the wight.
The wight hits you with a +4 long sword.
You feel drained.
You closely miss the wight.
The wight hits you with a +4 long sword!
* * * LOW HITPOINT WARNING * * *
You feel drained.
* * * LOW HITPOINT WARNING * * *
The wight barely misses you.
You hit the wight.
The wight is lightly damaged.
The wight hits you with a +4 long sword!
You die...
Kikubaaqudgha rasps: "You have failed me!
Welcome... death!"

...# #....# ...#
#..##### ...#
####......# #.##
#....#....#
..######.#..#.#..#
##.......#.......#
#...######.....#.#
##.....# #..##.#.#
..#.##.# #.#...#@#
#.#....###.#.###z####
.......#............#
....##.#.##..###..###
#......#.##..###....#
.......#.......######
...###########[#
...........#.[.#
...#######.#.###


You could see a wight.

Vanquished Creatures
  A steam dragon (D:6)
  Duvessa (D:5)
  A black bear (D:5)
  An ogre (D:5)
  A centaur (D:5)
  2 phantoms
  2 scorpions
  A wight (D:6)
  Dowan (D:5)
  2 bombardier beetles (D:5)
  2 hounds
  2 jellies
  3 iron imps (D:4)
  Jessica (D:2)
  Ijyb (D:5)
  An iguana (D:5)
  2 orc wizards (D:6)
  A sleepcap (D:5)
  Robin (D:4)
  3 gnolls (D:5)
  7 adders
  2 white imps
  An ufetubus (D:5)
  A dart slug (D:2)
  8 orcs
  3 bats
  5 endoplasms
  2 giant cockroaches
  10 goblins
  15 hobgoblins
  8 jackals
  4 kobolds
  A quokka (D:4)
  6 ball pythons
  A frilled lizard (D:1)
  5 rats
109 creatures vanquished.

Vanquished Creatures (collateral kills)
  A rat (D:1)
1 creature vanquished.

Vanquished Creatures (others)
  3 orc zombies (D:6)
3 creatures vanquished.

Grand Total: 113 creatures vanquished

Notes
Turn   | Place    | Note
-------+----------+-------------------------------------------
     0 | D:1      | monsoonserge the Hill Orc Necromancer began the quest for
                  | the Orb.
     0 | D:1      | Reached XP level 1. HP: 14/14 MP: 3/3
   155 | D:1      | Found Xilawn's Distillery.
   222 | D:1      | Reached XP level 2. HP: 20/20 MP: 4/4
   571 | D:1      | Reached XP level 3. HP: 25/26 MP: 3/5
   575 | D:1      | Learned a level 3 spell: Vampiric Draining
  1101 | D:2      | Found a snail-covered altar of Cheibriados.
  1127 | D:2      | HP: 1/26 [endoplasm (1)]
  1183 | D:1      | Bought a potion of curing for 30 gold pieces
  1183 | D:1      | Bought a potion of degeneration for 10 gold pieces
  1388 | D:2      | Noticed Jessica
  1395 | D:2      | Killed Jessica
  1396 | D:2      | Reached skill level 1 in Fighting
  1396 | D:2      | Reached skill level 1 in Axes
  1396 | D:2      | Reached XP level 4. HP: 21/35 MP: 3/7
  1471 | D:2      | Reached skill level 5 in Necromancy
  1889 | D:3      | Found a hazy altar of Hepliaklqana.
  1890 | D:3      | Found a broken altar of Ashenzari.
  1892 | D:3      | Found a bloodstained altar of Trog.
  2214 | D:4      | Found a staircase to the Ecumenical Temple.
  2215 | D:4      | Noticed Robin
  2218 | D:4      | Reached skill level 1 in Maces & Flails
  2221 | D:4      | Reached XP level 5. HP: 21/40 MP: 8/8
  2229 | D:4      | Noticed a phantom
  2543 | D:1      | Bought a potion of might for 40 gold pieces
  2543 | D:1      | Bought a potion of berserk rage for 50 gold pieces
  2647 | D:4      | Killed a phantom
  2656 | D:4      | Killed Robin
  2786 | Temple   | Entered the Ecumenical Temple
  2795 | Temple   | Became a worshipper of Kikubaaqudgha
  2859 | D:4      | Reached XP level 6. HP: 47/48 MP: 6/9
  2914 | D:4      | Learned a level 4 spell: Animate Dead
  2980 | D:4      | Found a burning altar of Makhleb.
  3048 | D:4      | Found a basalt altar of Yredelemnul.
  3655 | D:5      | Entered Level 5 of the Dungeon
  3660 | D:5      | Reached skill level 1 in Armour
  3754 | D:5      | Found a shimmering blue altar of Sif Muna.
  3913 | D:5      | Reached XP level 7. HP: 56/56 MP: 10/10
  4045 | D:5      | Reached * piety under Kikubaaqudgha
  4045 | D:5      | Received a gift from Kikubaaqudgha
  4388 | D:5      | Noticed Ijyb
  4394 | D:5      | Killed Ijyb
  4395 | D:5      | Reached skill level 1 in Throwing
  4395 | D:5      | Reached skill level 6 in Necromancy
  4405 | D:5      | Reached XP level 8. HP: 23/63 MP: 2/11
  4911 | D:5      | Noticed Dowan
  4913 | D:5      | Noticed Duvessa
  4916 | D:5      | Killed Dowan
  4920 | D:5      | Killed Duvessa
  5848 | D:6      | Found a hide-covered altar of Uskayaw.
  6038 | D:6      | Reached skill level 7 in Necromancy
  6099 | D:6      | Noticed Menkaure
  6121 | D:6      | Found Mukk's Armour Emporium.
  6462 | D:7      | Noticed a yak
  6475 | D:6      | Slain by a wight

Illustrated notes

Levels and vault maps discovered:
D:1:      giann_horns, layout_basic, serial_shops,
          nicolae_shop_industrial_runoff, chequers_serial_rivers_micro_e
D:2:      layout_rooms, basic_altar, uniq_jessica
D:3:      layout_rooms, minitemple
D:4:      layout_basic, mainiacjoe_overflow_catwalk, demons_altar,
          minmay_temple_entry_overgrown, hex_large, minmay_quantized, uniq_robin
D:5:      minmay_inner_zag, layout_basic, led_sif_pool, serial_corexii_hall,
          chequers_hall_statues_wall_a, corexii_hall_statues_i,
          dreamdust_wishing_well, kennysheep_generic_room_7, uniq_duvessa,
          uniq_ijyb
D:6:      layout_basic, mainiacjoe_overflow_cross_hatched, led_xom_imps,
          serial_shops, nicolae_shop_tiny_waterfront, uniq_menkaure,
          uniq_maggie, uniq_jeremiah
D:7:      layout_cave_pools, mainiacjoe_overflow_six_doors_small,
          david_defended_altar_orc
Temple:   nicolae_temple_bog_church

Skill      XL: |  1  2  3  4  5  6  7  8 |
---------------+-------------------------+-----
Spellcasting   | 2 |  2.9
Fighting       | 1 2 3 4 |  4.0
Axes           | 1 |  1.8
Stealth        | 2 |  2.7
Necromancy     | 5 6 7 |  7.2
Dodging        | 2 3 |  3.1
Maces & Flails | 1 2 3 4 |  4.0
Armour         | 1 2 3 |  3.6
Throwing       | 1 |  1.3
Evocations     | |  0.1

Action                     |  1- 3 |  4- 6 |  7- 9 || total
---------------------------+-------+-------+-------++-------
  Melee: Trident           |     4 |       |       ||     4
         Unarmed           |     4 |       |       ||     4
         Hand axe          |    30 |       |       ||    30
         Whip              |    18 |   127 |   134 ||   279
         Punch             |       |       |     4 ||     4
         War axe           |       |       |    20 ||    20
  Throw: Boomerang         |       |    11 |     8 ||    19
   Cast: Necrotise         |    31 |     8 |     2 ||    41
         Vampiric Draining |     1 |     4 |    19 ||    24
         Animate Dead      |       |       |     1 ||     1
  Evoke: Wand              |       |       |     2 ||     2
    Use: Potion            |     2 |     1 |       ||     3
         Scroll            |       |     8 |     1 ||     9
   Stab: Sleeping          |     2 |     6 |     4 ||    12
         Distracted        |       |       |     1 ||     1
 Armour: Robe              |    44 |    48 |       ||    92
         Leather armour    |       |    17 |   143 ||   160
  Dodge: Dodged            |    42 |    73 |   115 ||   230
